 Dungeon Crawl Stone Soup version bcrawl-1.27.5 (webtiles) character file.

Game seed: 14482903227503897379

163507 Gil the Sneak (level 6, 0/48 HPs)
             Began as a Vampire Archaeologist on Aug 12, 2020.
             Slain by a killer bee (6 damage)
             ... on level 4 of the Dungeon.
             The game lasted 00:17:32 (3135 turns).

Gil the Sneak (Vampire Archaeologist)               Turns: 3135, Time: 00:17:33

Health: 0/48       AC: 13    Str: 16    XL:     6   Next: 7%
Magic:  6/6        EV:  8    Int: 15    God:
Gold:   215        SH:  0    Dex: 11    Spells: 5/5 levels left

rFire    . . .     SeeInvis +   o - +0 flail
rCold    + . .     Gourm    .   (no shield)
rNeg     + + .     Faith    .   v - +0 chain mail
rPois    ∞         Spirit   .   c - +1 hat
rElec    +         Reflect  .   (no cloak)
rCorr    .         Harm     .   (no gloves)
MR       .....                  d - +1 pair of boots
Stlth    ++........             (no amulet)
HPRegen  0.08/turn              k - ring of insulation
MPRegen  0.10/turn              (no ring)

@: regenerating slowly
A: claws 1, fangs 3, talons 1, iridescent scales 1, see invisible, robust 1,
unbreathing
a: no special abilities


You were on level 4 of the Dungeon.
You were very thirsty.

You visited 1 branch of the dungeon, and saw 4 of its levels.

You collected 215 gold pieces.

Inventory:

Hand Weapons
 o - a +0 flail (weapon)
Missiles
 j - a throwing net {=f}
 l - 70 poisoned needles
 p - 849 stones (quivered)
Armour
 c - a +1 hat (worn)
 d - a +1 pair of boots (worn)
 v - a +0 chain mail (worn)
Jewellery
 a - the ring "Etwerov" {rN+++ EV+1 Dex+5 Slay-5}
   (You acquired it on level 2 of the Dungeon)

   [ring of evasion]

   It affects your evasion (+1).
   It affects your dexterity (+5).
   It affects your accuracy and damage with ranged weapons and melee attacks
   (-5).
   It renders you almost immune to negative energy.
 k - a ring of insulation (left claw)
Scrolls
 b - 3 scrolls of immolation
 e - 2 scrolls of magic mapping
 f - a scroll of identify
 h - 5 scrolls of remove curse
 i - a scroll of fog {unknown}
 m - a scroll of amnesia {unknown}
 n - 2 scrolls of enchant armour {unknown}
Potions
 g - 2 potions of curing
 q - 13 potions of blood
 r - a potion of might {unknown}
 s - 2 potions of lignification
 t - 2 potions of mutation


   Skills:
 + Level 1.9 Fighting
 + Level 2.2 Maces & Flails
 + Level 1.4 Throwing
 + Level 1.7 Armour
 + Level 4.7 Dodging
 - Level 6.2 Stealth


You had 5 spell levels left.
You didn't know any spells.
Your spell library was empty.

Dungeon Overview and Level Annotations

Branches:
Dungeon (4/12)
 Temple: D:4-7

Altars:

Annotations:
D:4 Ijyb


Innate Abilities, Weirdness & Mutations

You heal slowly.
You are immune to poison.
You have sharp fingernails.
You have razor-sharp teeth.
You have supernaturally acute eyesight. (SInv)
You can survive without breathing.
You have sharp toenails.
You are partially covered in iridescent scales. (AC +2)
You are robust. (+10% HP)


Message History

The killer bee barely misses you.
The killer bee stings you but does no damage.
You are feeling very thirsty.
You barely miss the killer bee. Your bite misses the killer bee.
The killer bee is moderately wounded.
The killer bee barely misses you.
The killer bee stings you but does no damage.
You miss the killer bee.
The killer bee is moderately wounded.
The killer bee barely misses you. The killer bee stings you.
* * * LOW HITPOINT WARNING * * *
The killer bee stings you but does no damage.
You hit the killer bee. Your bite misses the killer bee.
The killer bee is heavily wounded.
The killer bee barely misses you. The killer bee stings you.
* * * LOW HITPOINT WARNING * * *
You closely miss the killer bee.
The killer bee is heavily wounded.
The killer bee completely misses you. The killer bee stings you.
You die...

#.# ###.#########
............##
#.#.#######..#######
#####
#....##.........#..#
.....
#.##..##..##.......##..#
#..##..##..##...##.....#
....##..##..##..##hr.#
.....##......##.@yo#...h#
#########################


You could see a hound, a killer bee, an orc and a quokka.

Vanquished Creatures
  A crimson imp (D:3)
  An orc priest (D:3)
  4 gnolls
  6 adders
  A shadow imp (D:2)
  2 oozes
  An adder skeleton (D:4)
  5 worms
  3 dart slugs
  5 leopard geckos
  7 orcs
  6 giant cockroaches
  6 goblins
  7 hobgoblins
  6 jackals (D:2)
  8 kobolds
  4 quokkas
  A ball python (D:2)
  2 bats
  4 frilled lizards
  5 rats
85 creatures vanquished.

Notes
Turn   | Place    | Note
-------+----------+-------------------------------------------
     0 | D:1      | Gil the Vampire Archaeologist began the quest for the Orb.
     0 | D:1      | Reached XP level 1. HP: 14/14 MP: 1/1
    34 | D:1      | Reached skill level 1 in Maces & Flails
   193 | D:1      | Reached XP level 2. HP: 20/20 MP: 2/2
   268 | D:1      | Reached skill level 5 in Stealth
   546 | D:2      | Reached XP level 3. HP: 25/25 MP: 3/3
  1013 | D:2      | Reached skill level 6 in Stealth
  1342 | D:3      | Reached XP level 4. HP: 31/31 MP: 4/4
  1356 | D:3      | Gained mutation: You tend to lose your temper in combat.
                  | [potion of mutation]
  1356 | D:3      | Gained mutation: You have a pair of small antennae on your
                  | head. [potion of mutation]
  1417 | D:3      | Reached skill level 1 in Fighting
  1453 | D:3      | Lost mutation: You tend to lose your temper in combat.
                  | [potion of mutation]
  1453 | D:3      | Lost mutation: You have a pair of small antennae on your
                  | head. [potion of mutation]
  1453 | D:3      | Gained mutation: You are robust. (+10% HP) [potion of
                  | mutation]
  1453 | D:3      | Gained mutation: You have sharp toenails. [potion of
                  | mutation]
  1453 | D:3      | Gained mutation: You are partially covered in iridescent
                  | scales. (AC +2) [potion of mutation]
  1676 | D:2      | Reached skill level 1 in Armour
  1847 | D:2      | Reached XP level 5. HP: 22/40 MP: 5/5
  1847 | D:2      | Identified a scroll of acquirement
  1940 | D:2      | Identified the +4 great mace of Beogh's Hope {flame, rF+
                  | rN+ Str-2 SInv} (You acquired it on level 2 of the Dungeon)
  1940 | D:2      | Identified the -1 pair of gloves of Riuwk {+Blink rC+ rN++
                  | Str-3} (You acquired it on level 2 of the Dungeon)
  1940 | D:2      | Identified the ring "Etwerov" {rN+++ EV+1 Dex+5 Slay-5}
                  | (You acquired it on level 2 of the Dungeon)
  2207 | D:2      | Reached skill level 1 in Throwing
  2916 | D:4      | Noticed Ijyb
  3023 | D:4      | Reached XP level 6. HP: 42/48 MP: 6/6
  3135 | D:4      | Slain by a killer bee

Skill      XL: |  1  2  3  4  5 |
---------------+----------------+-----
Maces & Flails | 1 2 |  2.2
Stealth        | 5 6 |  6.2
Dodging        | 4 |  4.7
Fighting       | 1 |  1.9
Armour         | 1 |  1.7
Throwing       | 1 |  1.4

Action                   |  1- 3 |  4- 6 || total
-------------------------+-------+-------++-------
Melee: Whip              |   164 |    94 ||   258
       Bite              |    17 |    27 ||    44
       Flail             |       |   167 ||   167
Throw: Stone             |     3 |       ||     3
  Use: Scroll            |     4 |     4 ||     8
       Potion            |     4 |    14 ||    18
 Stab: Sleeping          |    12 |       ||    12
  Eat: Corpse            |     1 |       ||     1
Armor: Robe              |     5 |       ||     5
       Ring mail         |    58 |       ||    58
       Chain mail        |     8 |   248 ||   256
Dodge: Dodged            |   111 |   149 ||   260
